 Dungeon Crawl Stone Soup version 0.24-a0-41-gf098211c9e (webtiles) character file.

Game seed: 9305561751465888084

812 Maize the Covered (level 7, -1/45 HPs)
             Began as a Gargoyle Fighter on Feb 2, 2019.
             Was a Follower of Okawaru.
             Slain by a wight
             ... wielding a cursed +4 scimitar
              (4 damage)
             ... on level 7 of the Dungeon on Feb 3, 2019.
             The game lasted 00:08:19 (4062 turns).

Maize the Covered (Gargoyle Fighter)                Turns: 4062, Time: 00:08:20

Health: -1/45      AC: 17    Str: 22    XL:     7   Next: 93%
Magic:  7/7        EV:  6    Int:  8    God:    Okawaru [*.....]
Gold:   267        SH: 10    Dex:  9    Spells: 6/6 levels left

rFire    . . .     SeeInvis .   a - +0 war axe
rCold    . . .     Gourm    .   c - +0 shield
rNeg     + . .     Faith    .   u - +0 chain mail
rPois    ∞         Spirit   .   s - +0 helmet
rElec    +         Reflect  .   (no cloak)
rCorr    .         Harm     .   v - +0 pair of gloves (curse)
MR       .....                  (no boots)
Stlth    ..........             (no amulet)
HPRegen  0.15/turn              (no ring)
MPRegen  0.10/turn              (no ring)

@: no status effects
A: negative energy resistance 1, electricity resistance, unbreathing,
petrification resistance, rot immunity, AC +4
a: Heroism, Renounce Religion


You were on level 7 of the Dungeon.
You worshipped Okawaru.
Okawaru was aware of your devotion.
You were hungry.

You visited 1 branch of the dungeon, and saw 7 of its levels.

You collected 267 gold pieces.

Inventory:

Hand Weapons
 a - a +0 war axe (weapon)
Armour
 b - a +0 scale mail
 c - a +0 shield (worn)
 q - a +0 leather armour
 r - a +1 scale mail of fire resistance
 s - a +0 helmet (worn)
 u - a +0 chain mail (worn)
 v - a cursed +0 pair of gloves (worn)
Jewellery
 w - an uncursed ring of poison resistance {unknown}
Wands
 o - a wand of random effects (16)
Scrolls
 j - 2 scrolls of immolation {unknown}
 k - a scroll of noise {unknown}
 l - 3 scrolls of fear {unknown}
 m - 4 scrolls of teleportation {unknown}
 n - 3 scrolls of identify {unknown}
 p - a scroll of remove curse {unknown}
 x - a scroll of magic mapping {unknown}
 y - 2 scrolls of enchant weapon {unknown}
Potions
 d - a potion of might
 e - 2 potions of curing {unknown}
 g - 2 potions of heal wounds {unknown}
 h - 2 potions of brilliance {unknown}
 i - a potion of degeneration {unknown}
 t - a potion of agility {unknown}
 A - a potion of flight {unknown}
Comestibles
 f - 7 rations


   Skills:
 + Level 5.7 Fighting
 + Level 4.2 Axes
 + Level 5.7 Armour
 + Level 5.7 Shields


You had 6 spell levels left.
You didn't know any spells.
Your spell library contained the following spells:

 Spells                   Type           Power        Failure   Level  Hunger
 Animate Skeleton         Necr           N/A          100%        1    ##.....
 Apportation              Tloc           #.....       100%        1    ##.....
 Confusing Touch          Hex            #.....       100%        1    ##.....
 Summon Small Mammal      Summ           #...         100%        1    ##.....


Dungeon Overview and Level Annotations

Branches:
Dungeon (7/15)             Temple (0/1) D:4

Altars:
Gozag
Nemelex Xobeh
Okawaru
Sif Muna


Innate Abilities, Weirdness & Mutations

You are resistant to torment.
Your stone body is resilient. (AC +4)
You are immune to poison.
You resist negative energy. (rN+)
You are resistant to electric shocks. (rElec)
You can survive without breathing.
You are immune to petrification.
You are immune to rotting.


Message History

The wight hits you but does no damage. You block the wight's attack.
You block the wight's attack. You block the wight's attack.
The wight hits you with a cursed +4 scimitar.
* * * LOW HITPOINT WARNING * * *
You block the wight's attack. You block the wight's attack.
You block the wight's attack. The wight completely misses you.
The wight closely misses you. The wight hits you but does no damage.
The wight hits you but does no damage.
Unknown command.
You block the wight's attack. You block the wight's attack.
The wight hits you but does no damage. The wight hits you but does no damage.
The wight hits you with a cursed +4 scimitar.
You die...

###########?##
#.....[@zzz..#
#.#########..#
#.# ######.#
#......#
#.###### #.#
#.# #.#


You could see 3 wights.

Vanquished Creatures
  A necrophage (D:5)
  A sky beast (D:5)
  A phantom (D:4)
  A centaur (D:6)
  A howler monkey (D:5)
  A crimson imp (D:4)
  A jelly (D:5)
  A gnoll shaman (D:4)
  A hound (D:7)
  An orc priest (D:3)
  2 orc wizards
  A worker ant zombie (D:5)
  6 adders
  3 gnolls (D:4)
  A shadow imp (D:4)
  An adder skeleton (D:4)
  2 worms (D:3)
  2 dart slugs (D:1)
  2 leopard geckos
  19 orcs
  2 ball pythons (D:4)
  6 giant cockroaches
  3 goblins
  7 hobgoblins
  9 jackals
  6 kobolds
  4 quokkas
  7 bats
  6 frilled lizards
  A giant cockroach zombie (D:5)
  A leopard gecko skeleton (D:5)
  6 rats
  A bush (D:1)
108 creatures vanquished.

Notes
Turn   | Place    | Note
-------+----------+-------------------------------------------
     0 | D:1      | Maize the Gargoyle Fighter began the quest for the Orb.
     0 | D:1      | Reached XP level 1. HP: 14/14 MP: 1/1
   149 | D:1      | Reached XP level 2. HP: 16/19 MP: 2/2
  1105 | D:2      | Found a sparkling altar of Nemelex Xobeh.
  1160 | D:2      | Reached XP level 3. HP: 20/23 MP: 3/3
  1857 | D:3      | Reached XP level 4. HP: 27/29 MP: 4/4
  1911 | D:3      | You fall through a shaft for 3 floors!
  2129 | D:6      | Noticed a centaur
  2145 | D:6      | Killed a centaur
  2145 | D:6      | Reached XP level 5. HP: 19/34 MP: 5/5
  2293 | D:5      | Entered Level 5 of the Dungeon
  2293 | D:5      | Noticed a sky beast
  2328 | D:5      | Killed a sky beast
  2328 | D:5      | Reached XP level 6. HP: 29/39 MP: 6/6
  2383 | D:5      | Noticed a necrophage
  2403 | D:5      | Killed a necrophage
  2403 | D:5      | Reached skill level 5 in Fighting
  2403 | D:5      | Reached skill level 5 in Armour
  2403 | D:5      | Reached skill level 5 in Shields
  2403 | D:5      | Reached XP level 7. HP: 18/44 MP: 7/7
  3067 | D:3      | Found a faded altar of an unknown god.
  3074 | D:3      | Became a worshipper of Warmaster Okawaru
  3074 | D:3      | Reached * piety under Okawaru
  3702 | D:4      | Upgraded the game from 0.24-a0-27-gca774cb5d5 to
                  | 0.24-a0-41-gf098211c9e
  3732 | D:4      | Found an opulent altar of Gozag.
  3787 | D:4      | Found a deep blue altar of Sif Muna.
  3865 | D:4      | Found a staircase to the Ecumenical Temple.
  4047 | D:7      | HP: 1/45 [wight/cursed +4 scimitar (5)]
  4062 | D:7      | Slain by a wight

Vault maps used:
D:1:      mainiacjoe_arrival_reflecting_pool, serial_forest,
          infiniplex_forest_lined_2, infiniplex_forest_lined_room_2,
          infiniplex_forest_corner_1, infiniplex_forest_clump_large,
          infiniplex_forest_straight_2
D:2:      lemuel_doored_altar, first_ration
D:3:      chequers_ecumenical_altar_simple
D:4:      kennysheep_little_box, minmay_temple_entry_gardened_gates,
          nicolae_gozag_cash_rules_everything_around_me
D:5:      regret_index_temple_of_mockery

Skill      XL: |  1  2  3  4  5  6  7 |
---------------+----------------------+-----
Axes           | 2 3 4 |  4.2
Fighting       | 4 5 |  5.7
Armour         | 4 5 |  5.7
Shields        | 4 5 |  5.7

Action                   |  1- 3 |  4- 6 |  7- 9 || total
-------------------------+-------+-------+-------++-------
Melee: War axe           |   225 |    91 |   217 ||   533
Invok: Heroism           |       |       |     1 ||     1
  Eat: Chunk             |     4 |     1 |     6 ||    11
Armor: Scale mail        |   118 |    81 |    66 ||   265
       Chain mail        |       |       |   121 ||   121
Dodge: Dodged            |    59 |    39 |    81 ||   179
Block: Shield            |   128 |    61 |   149 ||   338

Table legend:
 A = Non-vault XP
 B = Vault XP
 C = Vault XP percentage of total XP
 D = Non-vault monster count
 E = Vault monster count
 F = Vault count percentage of total count
                 A         B        C        D         E       F
            +---------+---------+-------+---------+---------+-------
      Total |    1161 |       0 |   0.0 |     107 |       0 |   0.0
            +---------+---------+-------+---------+---------+-------
        D:1 |      31 |       0 |   0.0 |      18 |       0 |   0.0
        D:2 |      33 |       0 |   0.0 |      18 |       0 |   0.0
        D:3 |     206 |       0 |   0.0 |      33 |       0 |   0.0
        D:4 |     290 |       0 |   0.0 |      17 |       0 |   0.0
        D:5 |     442 |       0 |   0.0 |      17 |       0 |   0.0
        D:6 |     117 |       0 |   0.0 |       3 |       0 |   0.0
        D:7 |      42 |       0 |   0.0 |       1 |       0 |   0.0
            +---------+---------+-------+---------+---------+-------
